 Dungeon Crawl Stone Soup version 0.20.1-1-g8b1a95d (webtiles) character file.

280 slep the Skirmisher (level 6, 0/47 HPs)
             Began as a Demonspawn Fighter on Oct 30, 2017.
             Killed from afar by an orc wizard (5 damage)
             ... with a puff of flame
             ... on level 4 of the Dungeon.
             The game lasted 00:10:48 (1746 turns).

slep the Skirmisher (Demonspawn Fighter)            Turns: 1746, Time: 00:10:49

Health: 0/47       AC:  4    Str: 16    XL:     6   Next: 5%
Magic:  6/6        EV: 10    Int: 10    God:
Gold:   214        SH:  9    Dex: 14    Spells: 5/5 levels left

rFire    . . .     SeeInvis .   a - +0 long sword
rCold    . . .     Gourm    .   c - +0 shield
rNeg     . . .     Faith    .   s - +1 leather armour {rPois}
rPois    +         Spirit   .   (helmet restricted)
rElec    .         Reflect  .   (no cloak)
rCorr    .         Harm     .   (no gloves)
MR       .....                  (no boots)
Stlth    +.........             (no amulet)
Regen    0.2/turn               (no ring)
MPRegen  0.1/turn               (no ring)

@: no status effects
A: antennae 1, claws 1, talons 1, demonic guardian 1, spiny 1
a: no special abilities


You were on level 4 of the Dungeon.
You were not hungry.

You visited 1 branch of the dungeon, and saw 4 of its levels.

You collected 214 gold pieces.

Inventory:

Hand Weapons
 a - a +0 long sword (weapon)
 w - a +1 dagger of protection
Armour
 b - a +0 scale mail
 c - a +0 shield (worn)
 s - a +1 leather armour of poison resistance (worn)
Scrolls
 i - 3 scrolls of identify {unknown}
 k - 2 scrolls of blinking {unknown}
 l - 2 scrolls of amnesia {unknown}
 n - a scroll of magic mapping {unknown}
 o - 4 scrolls of teleportation {unknown}
 p - 5 scrolls of remove curse {unknown}
 t - 2 scrolls of fog {unknown}
Potions
 d - a potion of might
 e - 3 potions of brilliance {unknown}
 j - a potion of agility {unknown}
 q - 2 potions of curing
 r - a potion of degeneration {unknown}
 v - a potion of flight {unknown}
Comestibles
 f - 4 bread rations
 g - 3 fruits
 h - a royal jelly
 m - 3 chunks of flesh
 u - 2 meat rations


   Skills:
 + Level 3.6 Fighting
 + Level 3.6 Long Blades
 + Level 3.3 Armour
 + Level 2.2 Dodging
 + Level 0.2 Stealth
 + Level 3.6 Shields


You had 5 spell levels left.
You didn't know any spells.

Dungeon Overview and Level Annotations

Branches:
Dungeon (4/15)
 Temple: D:4-7

Altars:
Cheibriados


Innate Abilities, Weirdness & Mutations

You have a pair of small antennae on your head.
You have sharp fingernails.
You have sharp toenails.
A weak demonic guardian rushes to your aid.
You are partially covered in sharp spines.


Message History

The orc wizard casts a spell.
The orc wizard flickers and vanishes!
Deactivating autopickup; reactivate with Ctrl-A.
The dart slug launches a dart at you. The slug dart hits you!
* * * LOW HITPOINT WARNING * * *
The orc is struck by your spines. The orc hits you but does no damage.
You hit something. You claw something. Something hits you.
* * * LOW HITPOINT WARNING * * *
The dart slug bites you.
* * * LOW HITPOINT WARNING * * *
The orc is struck by your spines.
You kill the orc!
Something hits you.
* * * LOW HITPOINT WARNING * * *
You hit something. You claw something.
You hear some strange, mumbled words.
A puff of flame appears from out of thin air!
The puff of flame hits you!
You die...

#....#+#####+####
#.............
#...<.........
#.............
#.............
#####.........
#..?...[..
#.........
#@w)......
#o{.......
'..o......
##$........
.$.......
.........
.........
..........


You could see a dart slug and 2 orcs.

Vanquished Creatures
  The ghost of slep the Shield-Bearer, an amateur MiFi (D:3)
  Natasha (thrice) (D:3)
  5 adders
  A leopard gecko (D:1)
  5 orcs
  6 bats
  4 giant cockroaches
  3 goblins
  11 hobgoblins
  2 jackals (D:1)
  A quokka (D:2)
  2 frilled lizards
  7 kobolds
  8 rats
59 creatures vanquished.

Vanquished Creatures (collateral kills)
  An orc wizard (D:4)
  A leopard gecko (D:3)
  A giant cockroach (D:3)
3 creatures vanquished.

Grand Total: 62 creatures vanquished

Notes
Turn   | Place    | Note
-------+----------+-------------------------------------------
     0 | D:1      | slep the Demonspawn Fighter began the quest for the Orb.
     0 | D:1      | Reached XP level 1. HP: 18/18 MP: 1/1
   221 | D:1      | Gained mutation: You have a pair of small antennae on your head. [demonic ancestry]
   221 | D:1      | Reached XP level 2. HP: 22/24 MP: 2/2
   568 | D:1      | You fall through a shaft!
   603 | D:2      | Gained mutation: A weak demonic guardian rushes to your aid. [demonic ancestry]
   603 | D:2      | Reached XP level 3. HP: 8/29 MP: 3/3
   771 | D:2      | Reached skill level 1 in Dodging
  1038 | D:3      | Noticed Natasha
  1062 | D:3      | Found a snail-covered altar of Cheibriados.
  1099 | D:3      | Gained mutation: You are partially covered in sharp spines. [demonic ancestry]
  1099 | D:3      | Reached XP level 4. HP: 24/35 MP: 4/4
  1175 | D:3      | Killed Natasha
  1251 | D:3      | Noticed slep's ghost (amateur MiFi)
  1431 | D:3      | Killed slep's ghost
  1431 | D:3      | Gained mutation: You have sharp toenails. [demonic ancestry]
  1431 | D:3      | Reached XP level 5. HP: 13/41 MP: 5/5
  1671 | D:3      | Noticed Natasha
  1680 | D:3      | Killed Natasha
  1687 | D:3      | Noticed Natasha
  1694 | D:3      | Killed Natasha
  1742 | D:4      | Gained mutation: You have sharp fingernails. [demonic ancestry]
  1742 | D:4      | Reached XP level 6. HP: 16/47 MP: 6/6
  1746 | D:4      | Killed from afar by an orc wizard

Skill      XL: |  1  2  3  4  5 |
---------------+----------------+-----
Long Blades    | 2 3 |  3.6
Shields        | 3 |  3.6
Dodging        | 1 2 |  2.2
Armour         | 3 |  3.3
Fighting       | |  3.6
Stealth        | |  0.2

Action                   |  1- 3 |  4- 6 || total
-------------------------+-------+-------++-------
Melee: Long sword        |   139 |    67 ||   206
       Kick              |       |    10 ||    10
  Use: Potion            |     1 |       ||     1
  Eat: Chunk             |     1 |     2 ||     3
Armor: Scale mail        |    69 |       ||    69
       Leather armour    |     8 |    13 ||    21
Dodge: Dodged            |    44 |    21 ||    65
Block: Shield            |    87 |    28 ||   115
       Rpst.: Long sword |    13 |     8 ||    21
